 Dungeon Crawl Stone Soup version 0.20-a0-433-g9e36e56 (webtiles) character file.

214 Kriby the Skirmisher (level 6, 0/51 HPs)
             Began as a Human Fighter on Jan 4, 2017.
             Was an Initiate of Ashenzari.
             Slain by lupus83's ghost (4 damage)
             ... on level 4 of the Dungeon.
             The game lasted 00:03:53 (4115 turns).

Kriby the Skirmisher (Human Fighter)                Turns: 4115, Time: 00:03:53

Health: 0/51       AC: 16    Str: 17 (18) XL:     6   Next: 14%
Magic:  6/6        EV:  2    Int:  8      God:    Ashenzari [......]
Gold:   137        SH:  9    Dex: 12 (15) Spells: 5/5 levels left

rFire  . . .     SeeInvis .     a - +0 war axe (curse)
rCold  . . .     Gourm    .     r - +0 plate armour
rNeg   . . .     Faith    .     c - +0 shield (curse)
rPois  .         Spirit   .     i - +0 helmet
rElec  .         Reflect  .     (no cloak)
rCorr  +         Harm     .     y - +2 pair of gloves
MR     .....                    p - +0 pair of boots
Stlth  ..........               (no amulet)
                                (no ring)
                                o - ring of resist corrosion

@: no status effects
A: agile 1, subdued magic 1
a: Curse Item, Renounce Religion


You were on level 4 of the Dungeon.
You worshipped Ashenzari.
Ashenzari was noncommittal.
You were hungry.

You visited 2 branches of the dungeon, and saw 5 of its levels.

You collected 137 gold pieces.

Inventory:

Hand Weapons
 a - a cursed +0 war axe (weapon)
Armour
 c - a cursed +0 shield (worn)
 i - a +0 helmet (worn)
 p - a +0 pair of boots (worn)
 r - a +0 plate armour (worn)
 y - a +2 pair of gloves (worn)
Jewellery
 o - a ring of resist corrosion (left hand)
Wands
 u - a wand of confusion (20/48)
Scrolls
 e - a scroll of magic mapping {unknown}
 h - 3 scrolls of recharging {unknown}
 m - 2 scrolls of enchant armour {unknown}
 n - 2 scrolls of teleportation {unknown}
 s - a scroll of random uselessness {unknown}
 t - 2 scrolls of fog {unknown}
 w - a scroll of immolation {unknown}
 A - 2 scrolls of identify {unknown}
 C - a scroll of amnesia {unknown}
Potions
 b - 2 potions of curing {unknown}
 d - 3 potions of might
 j - a potion of degeneration
 v - a potion of heal wounds
 x - a potion of lignification
 z - 2 potions of agility {unknown}
Comestibles
 f - 2 bread rations
 g - a slice of pizza
 l - 5 meat rations
 q - 3 beef jerkies


   Skills:
 + Level 5.1 Fighting
 + Level 4.2 Axes
 - Level 3.0 Armour
 - Level 3.0 Shields


You had 5 spell levels left.
You didn't know any spells.

Dungeon Overview and Level Annotations

Branches:
Dungeon (4/15)             Temple (1/1) D:4

Altars:
Ashenzari
Cheibriados
Elyvilon
Fedhas
Gozag
Hepliaklqana
Kikubaaqudgha
Makhleb
Qazlal
Ru
Sif Muna
Uskayaw
Vehumet

Annotations:
D:4 lupus83's ghost, amateur HOFi


Innate Abilities, Weirdness & Mutations

You are agile. (Dex +2)
Your spells are a little easier to cast, but a little less powerful.


Message History

You are too injured to fight recklessly!
Lupus83's ghost is nearby!
You are too injured to fight recklessly!
Lupus83's ghost is nearby!
Lupus83's ghost is nearby!
You are too injured to fight recklessly!
Lupus83's ghost is nearby!
You are too injured to fight recklessly!
Lupus83's ghost is nearby!
You are too injured to fight recklessly!
You hit lupus83's ghost.
Lupus83's ghost is almost destroyed.
Lupus83's ghost hits you!
* * * LOW HITPOINT WARNING * * *
Lupus83's ghost hits you!
* * * LOW HITPOINT WARNING * * *
Your plate armour prevents you from hitting lupus83's ghost.
Lupus83's ghost is almost destroyed.
Lupus83's ghost hits you.
You die...

#.............#
#.###########.# #.#
#.# #.# # #.# #.#<#
#.# #####.#.# #.#
#.......# ###.###
#.......# #.....#
#### #...@...#
#.#.#.# ...#
#...W...# #.#.#.#
##.## #.......#
#.#.#.# #..#
#..)....# #.#.#.#
##.## #.......#
#.#.#.# #..#
#?......# #.#.#.#
##.# #####.#.#
#.#.#.# #.##
#...#.#.#######.#.#.#
####..# #...#
#.......# #.#


You could see lupus83's ghost.

Vanquished Creatures
  A hound (D:4)
  2 orc wizards (D:4)
  A hound skeleton (D:4)
  2 adders
  A howler monkey skeleton (D:4)
  5 worms
  2 dart slugs
  2 leopard geckos
  3 orcs (D:4)
  4 ball pythons
  8 giant cockroaches
  4 goblins
  4 hobgoblins
  2 jackals (D:2)
  2 quokkas
  9 bats
  4 frilled lizards
  9 kobolds
  6 rats
71 creatures vanquished.

Notes
Turn   | Place    | Note
-------+----------+-------------------------------------------
     0 | D:1      | Kriby the Human Fighter began the quest for the Orb.
     0 | D:1      | Reached XP level 1. HP: 18/18 MP: 1/1
   341 | D:1      | Reached XP level 2. HP: 23/24 MP: 2/2
   659 | D:1      | Reached XP level 3. HP: 29/29 MP: 3/3
  1536 | D:2      | Reached skill level 4 in Fighting
  1536 | D:2      | Reached XP level 4. HP: 32/37 MP: 4/4
  2799 | D:4      | Reached XP level 5. HP: 22/43 MP: 5/5
  2808 | D:4      | Gained mutation: Your spells are a little easier to cast, but a little less powerful. [potion of mutation]
  2808 | D:4      | Gained mutation: You are agile. (Dex +2) [potion of mutation]
  3543 | D:4      | Found a staircase to the Ecumenical Temple.
  3684 | D:4      | Reached skill level 5 in Fighting
  3684 | D:4      | Reached XP level 6. HP: 51/51 MP: 6/6
  3789 | Temple   | Entered the Ecumenical Temple
  4018 | Temple   | Became a worshipper of Ashenzari the Shackled
  4096 | D:4      | Noticed lupus83's ghost (amateur HOFi)
  4115 | D:4      | Slain by lupus83's ghost

Vault maps used:
D:1:      dpeg_arrival_snail, serial_bayou_ford_a
Temple:   oiseaux_autumnal_temple

Skill      XL: |  1  2  3  4  5 |
---------------+----------------+-----
Fighting       | 4 5 |  5.1
Axes           | 3 4 |  4.2
Armour         | |  3.0
Shields        | |  3.0

Action                   |  1- 3 |  4- 6 || total
-------------------------+-------+-------++-------
Melee: War axe           |   102 |   174 ||   276
Invok: Curse Item        |       |     2 ||     2
  Use: Potion            |       |     4 ||     4
  Eat: Chunk             |     2 |     8 ||    10
Armor: Scale mail        |    57 |    35 ||    92
       Plate armour      |       |    46 ||    46
       Skin              |       |    12 ||    12
Dodge: Dodged            |    30 |    43 ||    73
Block: Shield            |    52 |    86 ||   138
